[Event "Early-Titled-Tuesday-Blitz-August-29-2023"]
[Site "Chess.com"]
[Date "2023.08.29"]
[Round "3"]
[White "MeisterJabo"]
[Black "C_K_G"]
[Result "0-1"]
[WhiteElo "2318"]
[BlackElo "2007"]
[TimeControl "180+1"]
[EndTime "8:29:38 PDT"]
[Termination "C_K_G won on time"]

1. d4 d5 2. Nf3 e6 3. Bf4 Nf6 4.
e3 Bd6 5. Bg3 c5 6. dxc5 Bxg3 7.
hxg3 Qa5+ 8. c3 Qxc5 9. Nbd2 Nc6 10. Nb3 Qe7 11. Bb5 h6 12. Ne5 Qc7 13. Qd4 a6 14.
Bxc6+ bxc6 15. Qa4 Bd7 16. Nxd7 Nxd7 17. O-O O-O 18.
Rac1 Rfc8 19. c4 Nb6 20. Qb4 Nxc4 21. Rxc4 dxc4 22. Qxc4 Qd6 23. Nc5 a5 24. Qc2 Rab8 25. b3 Rb5 26. Rc1 Rd8 27. Ne4 Qd3 28. Qxc6 Rf5 29. g4 Rfd5 30. Ng3 Qd2 31. Rc2 Qe1+ 32. Kh2 Rd1 33. Qc7 Qg1+ 34. Kh3 R1d7 35. Qf4 Rd2 36. Rxd2 Rxd2 37. Ne4 Rd1 38. Kg3 Qh1 39. Kf3 h5 40. g5 h4 41. Qg4 Rf1 42. g6 f5 43. Qg5 fxe4+ 44. Kxe4 Rd1 45. Qe7 Qxg2+ 46. f3 Qc2+ 47. Kf4 Qc8 48. Qf7+ Kh8 0-1

[Event "Early-Titled-Tuesday-Blitz-August-29-2023"]
[Site "Chess.com"]
[Date "2023.08.29"]
[Round "3"]
[White "JoseRemolar"]
[Black "amanjazu"]
[Result "1-0"]
[WhiteElo "2504"]
[BlackElo "2310"]
[TimeControl "180+1"]
[EndTime "8:29:44 PDT"]
[Termination "JoseRemolar won by checkmate"]

1. d4 f5 2. Nf3 Nf6 3. b3 g6 4.
Bb2 Bg7 5. e3 d6 6. Bd3 O-O 7.
Nbd2 Nbd7 8. O-O Qe8 9. Re1 e5 10. e4 f4 11. Nc4 Nh5 12. dxe5 dxe5 13. Ba3 Rf6 14. Qd2 b5 15. Na5 a6 16. c4 Nf8 17.
Qe2 Bd7 18. Bb2 Rd6 19. c5 Re6 20. Rac1 c6 21. b4 Re7 22. Nb7 Qb8 23. Na5 Ne6 24. Bc2 Kh8 25. Bb3 Nd4 26. Nxd4 exd4 27. Qd3 f3 28.
Qxf3 Qe5 29. Rcd1 Rf8 30. Qxf8+ Bxf8 31. Bxd4 Bg7 32. Bxe5 Bxe5 33. a3 Nf4 34. g3 Nh3+ 35. Kg2 Bc3 36. Re3 Bb2 37. Rxd7 Rxd7 38. Kxh3 Bxa3 39.
Nxc6 Rc7 40. Bd5 Bc1 41. Re1 Bd2 42. Re2 Bxb4 43. Nxb4 a5 44. Nc6 a4 45. e5 Kg7 46.
e6 Kf8 47. Nb4 Ke8 48. Bc6+ Ke7 49. Bxb5 Rxc5 50. Nc6+ Ke8 51. Bxa4 Rh5+ 52. Kg2 g5 53. e7 g4 54. Nd8+ Rb5 55. Bxb5# 1-0

[Event "Early-Titled-Tuesday-Blitz-August-29-2023"]
[Site "Chess.com"]
[Date "2023.08.29"]
[Round "3"]
[White "BlitzWizard04"]
[Black "Yuruultei"]
[Result "1-0"]
[WhiteElo "2605"]
[BlackElo "2399"]
[TimeControl "180+1"]
[EndTime "8:29:45 PDT"]
[Termination "BlitzWizard04 won on time"]

1. e4 c5 2. Nf3 e6 3. d4 cxd4 4. Nxd4 Nc6 5. Nc3 a6 6. Nxc6 bxc6 7. Bd3 d5 8. O-O Nf6 9. Qe2 Be7 10. Bf4 O-O 11. Rad1 Bb7 12. a3 Re8 13. b4 a5 14.
Rb1 axb4 15. axb4 Ra3 16. Bd2 c5 17. bxc5 dxe4 18. Rxb7 exd3 19. cxd3 Bxc5 20. Rbb1 Qd7 21. Rbc1 Ba7 22. Be3 Bxe3 23. fxe3 Nd5 24. Nxd5 Qxd5 25. d4 Qe4 26. Rf3 e5 27. dxe5 Qxe5 28. Rcf1 f6 29.
Qc4+ Kh8 30. e4 Rxf3 31. gxf3 Qg5+ 32. Kh1 Rd8 33. Qc7 Ra8 34. Rg1 Qh6 35. Qb7 Rd8 36. Qb6 Ra8 37. Rd1 Rg8 38. Qf2 Qf4 39. Rd7 h6 40. Kg2 Ra8 41. Qc2 Qg5+ 42. Kf2 Ra1 43. Rd8+ Kh7 44. e5+ f5 45. Rd1 Ra3 46. Rd3 Ra1 47. Rd1 Ra3 48. Qe2 Qh4+ 49. Kg2 Qg5+ 50. Kh1 Qf4 51. Rf1 Re3 52. Qg2 Rxe5 53. h3 1-0

[Event "Early-Titled-Tuesday-Blitz-August-29-2023"]
[Site "Chess.com"]
[Date "2023.08.29"]
[Round "3"]
[White "DarZay"]
[Black "regular_legs"]
[Result "0-1"]
[WhiteElo "2269"]
[BlackElo "2495"]
[TimeControl "180+1"]
[EndTime "8:29:45 PDT"]
[Termination "regular_legs won on time"]

1. e4 c5 2. Nf3 e6 3. d4 cxd4 4.
Nxd4 a6 5. Nc3 Qc7 6. Be2 b5 7. O-O Bb7 8. Bf3 d6 9. Re1 Nd7 10. Be3 Rc8 11. Ndxb5 axb5 12. Nxb5 Qb8 13. Ba7 Qa8 14.
Qd4 Ngf6 15. Bb6 Nxb6 16. Qxb6 Qb8 17. Na7 Nd7 18. Qa5 Rc5 19. Nb5 Be7 20. b4 Rxc2 21.
Rac1 Rxc1 22. Rxc1 O-O 23. Rc7 Rd8 24. Nxd6 Bxd6 25.
Rxb7 Qc8 26. g3 Rf8 27. Ra7 Ne5 28. Be2 Qc2 29. Qa6 Bxb4 30. a4 Bc5 31. Rb7 Ng4 32.
Qc4 Qxc4 33. Bxc4 Nxf2 34. Kg2 Nxe4 35. Rc7 Bd4 36. a5 g6 37. a6 Ra8 38. Rd7 Bb6 39.
Rb7 Bc5 40. Rb5 Rd8 41. Ra5 Kg7 42. Kf3 Nd2+ 43. Kf4 Nxc4 44. Rxc5 Nb6 45. Ra5 Nd5+ 46. Ke4 Ra8 47. a7 Kf6 48. g4 h6 49. h4 Ke7 50.
Ra6 Kd7 51. Ke5 Nc7 52. Ra5 Kc6 53. Kf6 Kb6 54. Ra3 Rxa7 55. Rb3+ Nb5 0-1

[Event "Early-Titled-Tuesday-Blitz-August-29-2023"]
[Site "Chess.com"]
[Date "2023.08.29"]
[Round "3"]
[White "komogro"]
[Black "HrvojeZagreb"]
[Result "1/2-1/2"]
[WhiteElo "2473"]
[BlackElo "2290"]
[TimeControl "180+1"]
[EndTime "8:29:45 PDT"]
[Termination "Game drawn by repetition"]

1. Nf3 f5 2. d3 d6 3. e4 e5 4. Nc3 Nf6 5. Bg5 Be7 6. exf5 Bxf5 7. d4 e4 8. Nd2 d5 9. f3 O-O 10. Bxf6 Bxf6 11. fxe4 dxe4 12. Bc4+ Kh8 13. O-O Qxd4+ 14.
Kh1 e3 15. Rxf5 exd2 16. Bd3 g6 17. Rf3 Nc6 18. Qxd2 Ne5 19. Rf4 Qd6 20. Ne4 Qe7 21. Nxf6 Rxf6 22. Re4 Qd6 23. Qc3 Nxd3 24. cxd3 Rf8 25.
Rf1 Kg7 26. Rxf6 Qxf6 27. Re7+ Rf7 28. Qxf6+ Kxf6 29. Re3 Rd7 30. Kg1 Rd4 31. Kf2 Rb4 32. b3 a5 33. Re8 a4 34. Rc8 c6 35. bxa4 Rxa4 36. Rc7 Rxa2+ 37. Kf3 Rb2 38. Rxh7 b5 39. Rc7 Rc2 40. h4 b4 41. g4 c5 42. Rb7 Rc3 43. Ke4 c4 44. dxc4 Rxc4+ 45. Kf3 Rc3+ 46. Kf4 b3 47.
Rb6+ Kg7 48. Kg5 Rc5+ 49. Kf4 Rc4+ 50. Kf3 Rc3+ 51. Kf4 Rc4+ 52. Kg3 Rc3+ 53. Kf4 Rc4+ 1/2-1/2

[Event "Early-Titled-Tuesday-Blitz-August-29-2023"]
[Site "Chess.com"]
[Date "2023.08.29"]
[Round "3"]
[White "vishwa_vijeta"]
[Black "nitpicker"]
[Result "0-1"]
[WhiteElo "2538"]
[BlackElo "2302"]
[TimeControl "180+1"]
[EndTime "8:29:47 PDT"]
[Termination "nitpicker won by checkmate"]

1. e4 c5 2. Nf3 d6 3. d4 cxd4 4. Nxd4 Nf6 5. Nc3 Nc6 6. Bg5 Qb6 7. Bxf6 gxf6 8. Nb3 f5 9. Nd5 Qd8 10. Nd4 fxe4 11.
Nb5 Rb8 12. Ndc7+ Kd7 13. Nd5 e6 14. Ndc3 a6 15. Nd4 Bg7 16. Nxc6 bxc6 17. Nxe4 Qa5+ 18.
c3 Qe5 19. Bd3 f5 20. f4 Qxf4 21. Qh5 Ke7 22. Rf1 Qe3+ 23. Be2 Qxe4 24. Qg5+ Bf6 25.
Qd2 Rg8 26. g3 Bg5 27. Qd1 Rxb2 28. Kf2 Be3+ 29. Ke1 Rd2 30. Qb3 Bg5 31. Rf2 Bd7 32.
h4 Bh6 33. Rd1 Rxd1+ 34. Kxd1 Qe3 35. Ke1 Qc1+ 36. Bd1 Qe3+ 37. Be2 Rxg3 38. Qb8 Rg1+ 39. Rf1 Qg3+ 40. Kd1 Rxf1+ 41. Bxf1 Qf3+ 42. Be2 Qh1+ 43. Kc2 Qc1+ 44. Kd3 Qd2+ 45. Kc4 Qxe2+ 46. Kd4 Qe3+ 47. Kc4 Qc5+ 48. Kb3 Qb5+ 49. Qxb5 axb5 50. c4 f4 51. cxb5 f3 52. a4 Bc8 53. b6 f2 54. a5 f1=Q 55. a6 Qxa6 56. b7 Qxb7+ 57. Kc2 Qb5 58. Kd1 Qh5+ 59. Ke1 Qxh4+ 60. Kf1 Qg3 61. Ke2 Ba6+ 62.
Kd1 Qd3+ 63. Ke1 Qe2# 0-1

[Event "Early-Titled-Tuesday-Blitz-August-29-2023"]
[Site "Chess.com"]
[Date "2023.08.29"]
[Round "3"]
[White "Reader777"]
[Black "benny_aizenberg"]
[Result "0-1"]
[WhiteElo "2875"]
[BlackElo "2662"]
[TimeControl "180+1"]
[EndTime "8:29:48 PDT"]
[Termination "benny_aizenberg won by resignation"]

1. d4 Nf6 2. c4 e6 3. Nf3 c5 4. d5 exd5 5. cxd5 d6 6. Nc3 g6 7. e4 Bg7 8. Be2 O-O 9. Be3 Re8 10. Nd2 a6 11. a4 Nbd7 12. O-O Rb8 13. Qc2 Ne5 14. h3 Nh5 15. Bxh5 gxh5 16. f4 Ng6 17. Nc4 b5 18. axb5 axb5 19. Na5 Bd7 20. f5 Ne5 21. Ne2 Ra8 22. Nb3 Rxa1 23. Rxa1 Nc4 24. Bf4 Bxb2 25. Rf1 Be5 26. Nd2 Bxf4 27. Nxc4 Be5 28. Nxe5 Rxe5 29. Nf4 Qg5 30. Rf3 h4 31. Kh2 b4 32.
Qc4 Qe7 33. Nh5 Qg5 34. Qa6 Qh6 35. Rf4 Kf8 36. f6 Rxh5 37. Qxd6+ Kg8 38. Rf1 Bc8 39.
Qxc5 Qf8 40. Qc4 h6 41. Kh1 Bd7 42. Rb1 Qd6 43. Qd4 Rg5 44. Rxb4 Qg3 45. Rb2 Bxh3 46. Qd2 Bg4 47. d6 h3 48. d7 hxg2+ 49. Kg1 Bxd7 50. Rb7 Be6 51. e5 Qxe5 52. Qd8+ Kh7 53. Qd3+ Qf5 54. Qe2 Qf1+ 55. Qxf1 gxf1=Q+ 56. Kxf1 Rf5+ 0-1

[Event "Early-Titled-Tuesday-Blitz-August-29-2023"]
[Site "Chess.com"]
[Date "2023.08.29"]
[Round "3"]
[White "AsaHoffmann"]
[Black "ferrufino64"]
[Result "0-1"]
[WhiteElo "2361"]
[BlackElo "2100"]
[TimeControl "180+1"]
[EndTime "8:29:49 PDT"]
[Termination "ferrufino64 won by resignation"]

1. d4 d5 2. Bg5 Nd7 3. c4 c6 4. cxd5 cxd5 5. Nc3 Ngf6 6. e3 e6 7. f4 Be7 8. Bd3 O-O 9. Nf3 b6 10. O-O Bb7 11. Ne5 a6 12. Qf3 b5 13. a3 Rc8 14.
Rac1 Ne4 15. Bxe7 Qxe7 16. Nxe4 dxe4 17. Bxe4 Bxe4 18. Qxe4 Nf6 19. Qf3 b4 20. a4 b3 21.
Qe2 Qb4 22. Qxa6 Rxc1 23. Rxc1 Qd2 24. Qc4 Qxe3+ 25. Kh1 Ne4 26. g3 Qd2 27. Rf1 Qxb2 28. d5 Nd2 29. Qe2 Qc3 30. Rf2 b2 31. Qxd2 b1=Q+ 32.
Kg2 Qxd2 33. Rxd2 Qe4+ 34. Kf2 exd5 35. a5 f6 36. Nf3 Ra8 37. Re2 Qc4 38. f5 Rxa5 39.
Rd2 Qc5+ 40. Kg2 h6 41. h3 Qc4 42. h4 Ra2 43. Rf2 Rxf2+ 44. Kxf2 Qe4 45. Nd2 Qxf5+ 46. Ke3 g5 47. Nf3 Qg4 48. Kf2 f5 49. hxg5 hxg5 50.
Ke2 Qe4+ 51. Kf2 g4 52. Nh4 Qd4+ 53. Ke2 Qe4+ 54. Kf2 Qc2+ 55. Ke3 d4+ 56. Kxd4 Qf2+ 57. Ke5 Qxg3+ 58. Kxf5 Qxh4 59. Kf4 g3+ 60. Kf3 Qh2 61. Kg4 g2 62. Kf5 g1=Q 63. Ke6 Qe2+ 0-1

[Event "Early-Titled-Tuesday-Blitz-August-29-2023"]
[Site "Chess.com"]
[Date "2023.08.29"]
[Round "3"]
[White "BogdanDeac"]
[Black "Kezin_Roman"]
[Result "1-0"]
[WhiteElo "3023"]
[BlackElo "2793"]
[TimeControl "180+1"]
[EndTime "8:29:50 PDT"]
[Termination "BogdanDeac won by resignation"]

1. d4 f5 2. g3 Nf6 3. Bg2 g6 4. Nd2 Bg7 5. e4 fxe4 6. Nxe4 O-O 7. Ne2 Nc6 8. Nxf6+ exf6 9. h4 d5 10. h5 Bg4 11. f3 Be6 12. hxg6 hxg6 13. Bh6 Bxh6 14.
Rxh6 Kg7 15. Rh1 Rh8 16. Rxh8 Qxh8 17. Qd2 Re8 18. Kf2 Qh6 19. Qc3 Bf7 20. Rh1 Qg5 21.
Nf4 f5 22. Qd2 Qf6 23. c3 Rh8 24. Rxh8 Kxh8 25. Nd3 Kg7 26. b4 Ne7 27. Ne5 Nc8 28. Bf1 Nd6 29. Kg2 Be8 30. Bd3 Bb5 31. Bxb5 Nxb5 32. a4 Nd6 33. Qf4 Qe7 34. b5 Nc4 35. g4 Nxe5 36. dxe5 fxg4 37. fxg4 c5 38. bxc6 bxc6 39.
g5 c5 40. Qf6+ Qxf6 41. exf6+ Kf7 42. Kf3 Ke6 43. Kf4 Kd6 44. a5 Ke6 45. a6 Kd6 46. f7 Ke7 47. Ke5 d4 48. cxd4 c4 49. Ke4 Kxf7 50. d5 Ke7 51. Kd4 Kd6 52. Kxc4 Kd7 53.
Kc5 Kc7 54. d6+ Kd7 55. Kd5 1-0

[Event "Early-Titled-Tuesday-Blitz-August-29-2023"]
[Site "Chess.com"]
[Date "2023.08.29"]
[Round "3"]
[White "atbenina64"]
[Black "NovozhilovSemen"]
[Result "1-0"]
[WhiteElo "2798"]
[BlackElo "2499"]
[TimeControl "180+1"]
[EndTime "8:29:50 PDT"]
[Termination "atbenina64 won by resignation"]

1. Nf3 Nf6 2. g3 d5 3. Bg2 c6 4. O-O Bg4 5. c4 Nbd7 6. cxd5 cxd5 7. Qb3 Qc8 8. Nc3 e6 9. d4 Bd6 10. Nb5 Bb8 11. Qa3 Qc6 12. Nc3 Bd6 13. Qb3 O-O 14. Bf4 Bxf4 15. gxf4 Ne4 16. Nxe4 dxe4 17. Nd2 Bxe2 18.
Rfe1 Bh5 19. Nxe4 Qc7 20. d5 exd5 21. Qxd5 Bg4 22. f5 Rad8 23. h3 Bh5 24. Ng3 Nf6 25.
Qxb7 Qf4 26. Qxa7 Rd4 27. a4 Rfd8 28. a5 Bf3 29. Ra3 Bxg2 30. Kxg2 h5 31. Rf3 Qg5 32.
Kh1 h4 33. Ne2 Rd3 34. Qb7 Qd2 35. Rg1 Qxe2 36. Rxd3 Rxd3 37. Qg2 Nh5 38. a6 Rd7 39. Qg4 Qxg4 40. hxg4 Nf4 41. b4 Nd5 42. Rd1 Nb6 43. Rc1 Rd4 44. b5 Rb4 45. a7 Kh7 46. Rc6 Na8 47. Rc8 Rxb5 48. Rxa8 Ra5 49. g5 g6 50.
f6 Ra3 51. Kh2 h3 52. Re8 Rxa7 53. Re7 Ra2 54. Rxf7+ Kg8 55. Rg7+ Kh8 56. Rxg6 Rxf2+ 57. Kxh3 Kh7 58. Rg7+ Kh8 59. Re7 Kg8 60. Kg4 Rh2 61.
Kf5 Kf8 62. Kg6 Ra2 63. Rf7+ Kg8 64. Rh7 Ra8 65. f7+ 1-0

[Event "Early-Titled-Tuesday-Blitz-August-29-2023"]
[Site "Chess.com"]
[Date "2023.08.29"]
[Round "3"]
[White "Galileo22"]
[Black "dosto07"]
[Result "1-0"]
[WhiteElo "2687"]
[BlackElo "2467"]
[TimeControl "180+1"]
[EndTime "8:29:53 PDT"]
[Termination "Galileo22 won on time"]

1. Nf3 d5 2. g3 Nf6 3. Bg2 Bf5 4. O-O e6 5. d3 h6 6. c4 c6 7. cxd5 exd5 8. Nc3 Be7 9. Qb3 Qb6 10. Be3 Qxb3 11. axb3 a6 12. Nd4 Bg6 13. Nc2 Nbd7 14. b4 O-O 15. Bd4 Bd6 16. h3 Rfe8 17. Rfe1 Nf8 18. Bxf6 gxf6 19. Na4 Ne6 20. Rec1 Be5 21. Ra2 Nd4 22.
Nxd4 Bxd4 23. e3 Be5 24. d4 Bd6 25. Nc5 Ra7 26. b5 cxb5 27. Bxd5 Rb8 28. Nd7 Rd8 29.
Nb6 Bb4 30. Rc7 a5 31. Nc8 Ra8 32. Bxb7 Rb8 33. Ne7+ Bxe7 34. Rxe7 a4 35. Rc7 Bd3 36. Ra1 Rd6 37. Rac1 Rb6 38. Bd5 Bg6 39. g4 b4 40.
f4 f5 41. gxf5 Bh5 42. Kf2 a3 43. bxa3 bxa3 44. Rc8+ Rxc8 45. Rxc8+ Kg7 46. Ra8 Rb2+ 47.
Kg3 Rb5 48. e4 Rb2 49. Rxa3 Rd2 50. Ra4 Re2 51. e5 Re3+ 52. Kf2 Rd3 53. f6+ Kh7 54. Be4+ Bg6 55. Bxd3 Bxd3 56. Kg3 Kg6 57. Kg4 Be2+ 58. Kg3 Kf5 59. d5 Bb5 60. Ra5 Bc4 61. d6 Be6 62. h4 h5 63. Ra8 1-0

[Event "Early-Titled-Tuesday-Blitz-August-29-2023"]
[Site "Chess.com"]
[Date "2023.08.29"]
[Round "3"]
[White "TanitoluwaAps116"]
[Black "OparinGrigoriy"]
[Result "1/2-1/2"]
[WhiteElo "2767"]
[BlackElo "2972"]
[TimeControl "180+1"]
[EndTime "8:29:57 PDT"]
[Termination "Game drawn by stalemate"]

1. e4 c6 2. d4 d5 3. exd5 cxd5 4. Bd3 Nf6 5. c3 Nc6 6. Bf4 Bg4 7. Qb3 Qd7 8. Nd2 e6 9. Ngf3 Bd6 10. Bxd6 Qxd6 11. O-O O-O 12. Rfe1 Qc7 13. Ne5 Bh5 14. f4 a6 15. a4 Rab8 16. Qc2 Rfc8 17. Rac1 b5 18. axb5 axb5 19. b4 Bg6 20. Nxg6 hxg6 21. g3 Ne8 22. Nb3 Nd6 23. Nc5 Ra8 24. Ra1 Ne7 25.
Qe2 Rcb8 26. Na6 Rxa6 27. Rxa6 Nef5 28. Ra3 Qc6 29. Qe5 Rc8 30. g4 Ne7 31. Qg5 Kf8 32. Re3 Ng8 33. Ra7 Qxc3 34. Qe5 Qxb4 35. Rd7 Ne8 36. Rxf7+ Kxf7 37. Qxe6+ Kf8 38. Qxc8 Nf6 39. Bxg6 Qxd4 40. Kf2 Qxf4+ 41. Ke2 Qc4+ 42. Qxc4 bxc4 43. g5 Ne4 44. Bxe4 dxe4 45. Rxe4 Nd6 46. Rd4 Nf7 47. h4 Ne5 48. Re4 Ng6 49. Rxc4 Kf7 50. Kf3 Ne5+ 51.
Ke4 Nxc4 52. Kf5 Nd6+ 53. Ke5 Nc4+ 54. Kf5 Ne3+ 55. Kf4 Ng2+ 56. Kg3 Ne1 57. h5 Nd3 58.
Kg4 Nb4 59. Kf5 Nd5 60. g6+ Kg8 61. Kg5 Nc3 62. h6 Ne4+ 63. Kf5 Ng3+ 64. Kg4 gxh6 65.
Kxg3 Kg7 66. Kh4 Kxg6 67. Kg4 h5+ 68. Kh3 Kg5 69. Kg3 h4+ 70. Kh2 Kh5 71. Kg2 Kg4 72.
Kh1 h3 73. Kh2 Kh4 74. Kh1 Kg3 75. Kg1 h2+ 76. Kh1 Kh3 1/2-1/2

[Event "Early-Titled-Tuesday-Blitz-August-29-2023"]
[Site "Chess.com"]
[Date "2023.08.29"]
[Round "3"]
[White "SpongeBob_03"]
[Black "Schattman"]
[Result "0-1"]
[WhiteElo "2168"]
[BlackElo "2417"]
[TimeControl "180+1"]
[EndTime "8:29:58 PDT"]
[Termination "Schattman won by checkmate"]

1. e4 c5 2. Nf3 e6 3. d4 cxd4 4. Nxd4 Nf6 5. Nc3 Nc6 6. Ndb5 Bb4 7. Nd6+ Ke7 8. Bf4 e5 9. Nf5+ Kf8 10. Bg5 d5 11. Qf3 dxe4 12. Qh3 h6 13. Rd1 Nd4 14. g4 Bxf5 15. gxf5 Nxc2+ 16. Ke2 Nd4+ 17. Ke3 Qd7 18. Bxf6 gxf6 19. Nxe4 Nxf5+ 20. Ke2 Nd4+ 21. Rxd4 Qxd4 22. Bg2 Qc4+ 23. Qd3 Qxd3+ 24. Kxd3 Be7 25. Rc1 f5 26.
Nc5 Rd8+ 27. Ke2 Bxc5 28. Rxc5 e4 29. Rxf5 Kg7 30. Bxe4 Rhe8 31. f3 Rd6 32. Kf1 Rb6 33. b3 f6 34. Bd5 Re5 35. Rxe5 fxe5 36. Ke2 Kf6 37. Ke3 Rb4 38. Be4 b6 39. h4 a5 40.
h5 a4 41. Bc2 axb3 42. axb3 Rh4 43. Bg6 Ke6 44. Ke2 Kd6 45. Kd3 Kc5 46. Kc3 Rf4 47. Be4 Kd6 48. Kb4 Rh4 49. Kb5 Rxh5 50. Kxb6 Rh2 51. b4 Rb2 52. b5 h5 53. Ka6 h4 54.
b6 h3 55. b7 Kc7 56. Ka7 h2 57. Bd5 h1=Q 58. b8=Q+ Rxb8 59. f4 Qa1+ 60. Ba2 Qxa2# 0-1

[Event "Early-Titled-Tuesday-Blitz-August-29-2023"]
[Site "Chess.com"]
[Date "2023.08.29"]
[Round "3"]
[White "HajiyevKanan"]
[Black "Rakhmanov_Aleksandr"]
[Result "1/2-1/2"]
[WhiteElo "2511"]
[BlackElo "2794"]
[TimeControl "180+1"]
[EndTime "8:29:59 PDT"]
[Termination "Game drawn by repetition"]

1. d4 Nf6 2. Nf3 g6 3. g3 Bg7 4. Bg2 d5 5. O-O c6 6. c4 O-O 7. b3 Ne4 8. Bb2 Bg4 9. Nc3 Nxc3 10. Bxc3 Bxf3 11. Bxf3 e6 12. e3 Nd7 13. h4 a5 14. Kg2 f5 15. Qd2 Nf6 16. b4 axb4 17.
Bxb4 Rf7 18. Rab1 Ne4 19. Qc2 Qf6 20. Rh1 Bf8 21. Bxf8 Raxf8 22. Rb2 Nd6 23. c5 Ne4 24. Rhb1 e5 25. dxe5 Qxe5 26. Rxb7 g5 27. hxg5 Nxg5 28. Bh5 Re7 29. R1b6 d4 30. Qc4+ Kh8 31. Qxd4 Qxd4 32.
exd4 Re4 33. Rd7 f4 34. Bf3 Re1 35. g4 h5 36. Bxc6 f3+ 37. Kg3 Rg1+ 38. Kh4 Nh7 39. Bxf3 Rxf3 40. Rb8+ Nf8 41. Rdd8 Rxg4+ 42. Kxh5 Rgf4 43.
Rxf8+ Rxf8 44. Rb6 R8f5+ 45. Kg6 R5f4 46. d5 Rg4+ 47. Kh5 Rg1 48. Kh4 Rxf2 49. Kh3 Rf5 50.
Rb8+ Kg7 51. Kh4 Rf2 52. Rb7+ Kf6 53. Kh3 Rf5 54. Kh4 Rxd5 55. c6 Rd4+ 56. Kh3 Rd3+ 57.
Kh2 Rd8 58. Kxg1 Rc8 59. c7 Ke6 60. Kf2 Kd7 61. Ke3 Rxc7 62. Rxc7+ Kxc7 63. Kd4 Kb7 64. Kc4 Ka7 65. Kb4 Ka8 66. Ka4 Ka7 67. Ka5 Ka8 68.
Ka4 Ka7 69. Ka5 Ka8 70. Ka4 1/2-1/2

[Event "Early-Titled-Tuesday-Blitz-August-29-2023"]
[Site "Chess.com"]
[Date "2023.08.29"]
[Round "3"]
[White "NovikovaGalina"]
[Black "pankajfm"]
[Result "1-0"]
[WhiteElo "2399"]
[BlackElo "2099"]
[TimeControl "180+1"]
[EndTime "8:29:59 PDT"]
[Termination "NovikovaGalina won by checkmate"]

1. e4 c5 2. Nf3 Nc6 3. d4 cxd4 4. Nxd4 Nf6 5. Nc3 e5 6. Ndb5 d6 7. Bg5 a6 8. Na3 b5 9. Bxf6 gxf6 10. Nd5 f5 11. g3 Be6 12. Bg2 Bxd5 13. Qxd5 Ne7 14.
Qd2 Rc8 15. c3 h5 16. O-O Bh6 17. Qd3 f4 18. Nc2 h4 19. Rad1 Rc6 20. Nb4 Rb6 21. Nd5 Nxd5 22. exd5 Qf6 23. Rde1 Kd7 24. Re4 Bg5 25.
a4 Qh6 26. h3 hxg3 27. fxg3 f5 28. Rb4 e4 29. Qd4 Rb7 30. gxf4 Bxf4 31. Rxf4 Qxf4 32. Qxh8 Qc1+ 33. Kh2 Qf4+ 34. Kg1 Qc1+ 35. Kf2 Qd2+ 36. Kg3 Qe3+ 37. Kh4 Qf2+ 38. Kh5 Qe2+ 39. Kh6 Qe3+ 40.
Kg7 Qg3+ 41. Kf6 Qxg2 42. Kxf5 Qf3+ 43. Kg5 Qg3+ 44. Kf5 Qe5+ 45. Qxe5 dxe5 46. Kxe5 Rb8 47. Kxe4 Rh8 48. axb5 a5 49. Rd4 Rxh3 50. Ke5 Rh2 51. b3 Rb2 52. Ra4 Rxb3 53. Kd4 Kc7 54. Rxa5 Kb6 55. Ra8 Kxb5 56. Rb8+ Ka4 57. Rxb3 Kxb3 58. d6 Ka2 59. d7 Kb1 60. c4 Ka2 61. c5 Kb1 62. c6 Ka2 63. c7 Kb1 64. d8=Q Ka2 65. c8=Q Kb2 66. Qdc7 Kb1 67. Q7b7+ Ka2 68. Qca8# 1-0

[Event "Early-Titled-Tuesday-Blitz-August-29-2023"]
[Site "Chess.com"]
[Date "2023.08.29"]
[Round "3"]
[White "Barbus89"]
[Black "zozik"]
[Result "1-0"]
[WhiteElo "2506"]
[BlackElo "2371"]
[TimeControl "180+1"]
[EndTime "8:30:01 PDT"]
[Termination "Barbus89 won on time"]

1. Nf3 d5 2. g3 e6 3. Bg2 c5 4.
O-O Nc6 5. d4 Nf6 6. c4 Be7 7.
Nc3 O-O 8. cxd5 exd5 9. Bg5 c4 10. Rc1 h6 11. Bxf6 Bxf6 12. b3 cxb3 13. Qxb3 Bxd4 14. Nxd5 Be6 15. e4 Bb6 16. Rfd1 Rc8 17. Qa3 Bxd5 18. Rxd5 Qe7 19. Qxe7 Nxe7 20. Rdd1 Rfd8 21.
Rxd8+ Rxd8 22. Bf1 g5 23. h3 Rc8 24. Rxc8+ Nxc8 25.
Bc4 Nd6 26. Bd5 Kg7 27. a4 f6 28. Nd2 Bd4 29. Nb3 Bb6 30. Kg2 h5 31. f4 Bc7 32.
Kf3 b6 33. Nd4 Bb8 34. Nc6 Bc7 35. Nxa7 Kf8 36. Nc6 Ke8 37. e5 fxe5 38. fxe5 Nf7 39. Ke4 Nh6 40. Be6 h4 41. g4 Kf8 42. Kd5 Ke8 43.
Nd4 Bd8 44. Nb5 Nf7 45. Bxf7+ Kxf7 46. Kd6 Be7+ 47. Kd7 Bb4 48. e6+ Kf6 49. Nd6 Bc5 50.
e7 Bxd6 51. Kxd6 Kf7 52. Kd7 b5 53. e8=Q+ 1-0

[Event "Early-Titled-Tuesday-Blitz-August-29-2023"]
[Site "Chess.com"]
[Date "2023.08.29"]
[Round "3"]
[White "GalaxyRoman"]
[Black "ViIIagra"]
[Result "0-1"]
[WhiteElo "2726"]
[BlackElo "2938"]
[TimeControl "180+1"]
[EndTime "8:30:02 PDT"]
[Termination "ViIIagra won on time"]

1. e4 c6 2. Nc3 d5 3. Nf3 Bg4 4. h3 Bh5 5. Be2 e6 6. d4 Nf6 7.
e5 Nfd7 8. O-O Be7 9. Nb1 Bg6 10.
Be3 c5 11. c3 Nc6 12. Nbd2 O-O 13. a4 f6 14. exf6 Bxf6 15. Re1 Kh8 16. Nf1 c4 17.
Ng3 Qc7 18. Qd2 Rad8 19. Bg5 Qd6 20. Nh4 e5 21. Nxg6+ hxg6 22. dxe5 Ndxe5 23. Bf4 Bh4 24. Kh1 Qf6 25. Be3 Rd7 26. Rf1 Rfd8 27. Bd4 Nxd4 28. Qxd4 Nc6 29. Qg4 Re7 30. Rae1 Rde8 31. Kh2 d4 32. cxd4 Nxd4 33. Bxc4 Rxe1 34. Rxe1 Rxe1 35.
Qc8+ Qd8 36. Qg4 Bxg3+ 37. fxg3 Nf5 38. h4 Nh6 39. Qxg6 Re8 40. Bd3 Kg8 41. Qh7+ Kf8 42. Qh8+ Kf7 43. Qh7 Qf6 44. Bc4+ Kf8 45. Qh8+ Ke7 46.
Qh7 Ng4+ 47. Kh3 Ne5 48. Qe4 Kf8 49. Bb3 Nc6 50. Qg4 Nd4 51. Qh5 Nxb3 52. Qh8+ Kf7 53. Qh5+ Kf8 54. Qh8+ Ke7 55. Qh5 Nd4 56. Kh2 Ne6 57.
Qe2 Rd8 58. Qb5 Rd7 59. Qb4+ Kf7 60. Qb3 Re7 61. Qb4 a6 62. Qb3 Kf8 63. a5 Qe5 64. Qb4 Nd4 65. Qc4 Ne2 66. Qc8+ Kf7 67. Qc4+ Kf6 68. Kh1 Qxg3 0-1

[Event "Early-Titled-Tuesday-Blitz-August-29-2023"]
[Site "Chess.com"]
[Date "2023.08.29"]
[Round "3"]
[White "reniite"]
[Black "McCarthyStone"]
[Result "1-0"]
[WhiteElo "2304"]
[BlackElo "2438"]
[TimeControl "180+1"]
[EndTime "8:30:02 PDT"]
[Termination "reniite won by resignation"]

1. e4 e5 2. Nf3 d6 3. Nc3 Nf6 4. d4 exd4 5. Nxd4 g6 6. Be2 Bg7 7. O-O O-O 8. f3 d5 9. exd5 Nxd5 10. Nxd5 Qxd5 11. Nb3 Be6 12. Qxd5 Bxd5 13. c3 a5 14. Bf4 a4 15. Nd4 c6 16. a3 Nd7 17. Rad1 Nb6 18.
h4 Rfe8 19. Rfe1 Bf6 20. g3 Re7 21. Kg2 Rae8 22. Kf2 Kg7 23. Bd6 Rd7 24. Bc5 Nc4 25. Bxc4 Rxe1 26. Kxe1 b6 27. Bxd5 Rxd5 28. Bxb6 c5 29.
Ne2 Re5 30. Kf2 g5 31. hxg5 Be7 32. f4 Re6 33. Bc7 Rc6 34. Be5+ Kg6 35. Rd7 Bf8 36. Rd8 Be7 37. Re8 Re6 38. Rg8+ Kf5 39. Kf3 Rb6 40.
g4+ Ke6 41. c4 Rb3+ 42. Bc3 Rb7 43. f5+ Kd7 44. Nf4 Bd6 45. Nd5 Rb8 46. Rxb8 Bxb8 47. Ke4 Bg3 48. Bf6 Bh4 49. Ne3 Kd6 50. Ng2 Bf2 51. Nf4 Bd4 52. Nd5 Bf2 53. Bc3 Bh4 54. Nf6 Bxg5 55. Nxh7 Bh4 56. Nf6 Bg5 57. Nd5 Bh4 58.
Nf4 Bg5 59. Nd3 Bh4 60. Be5+ Kc6 61. Bf4 Bf6 62. g5 Bd4 63. g6 fxg6 64. fxg6 Kd7 65. Be5 Bxe5 66. Nxe5+ 1-0

[Event "Early-Titled-Tuesday-Blitz-August-29-2023"]
[Site "Chess.com"]
[Date "2023.08.29"]
[Round "3"]
[White "zabivol_mc"]
[Black "stepanosinovsky"]
[Result "1-0"]
[WhiteElo "2571"]
[BlackElo "2300"]
[TimeControl "180+1"]
[EndTime "8:30:03 PDT"]
[Termination "zabivol_mc won on time"]

1. e4 e5 2. Nf3 Nc6 3. Nc3 Nf6 4. g3 h5 5. Bg2 h4 6. Nxh4 Bc5 7. d3 d6 8. Nf5 Bxf5 9. exf5 d5 10. Bg5 Ne7 11.
Qe2 Bd4 12. O-O Qd7 13. Be3 O-O-O 14. a4 Nxf5 15. Bxd4 Nxd4 16. Qxe5 Nxc2 17. Rac1 Rxh2 18. Rxc2 Rdh8 19. Nxd5 Rxg2+ 20. Kxg2 Qh3+ 21. Kf3 Nxd5 22. Rfc1 c6 23. Qxd5 Rh6 24. Qe5 Rf6+ 25. Qxf6 gxf6 26. b4 Qe6 27. b5 Qd5+ 28. Ke2 Qe5+ 29. Kf1 Qf5 30.
bxc6 Qxd3+ 31. Kg1 bxc6 32. Rxc6+ Kd7 33. Rc7+ Ke6 34.
Rxa7 Qd2 35. Rac7 Qa2 36. R1c4 Qa1+ 37. Kg2 Kf5 38. R7c5+ Kg6 39. a5 Qa2 40. Rb4 Qa3 41. Rbb5 Qa4 42. Rb6 Qe4+ 43. Kg1 Qe1+ 44. Kg2 Qe4+ 45.
Kh2 Qd4 46. Rc2 Qc5 47. Ra2 Qh5+ 48. Kg2 Qd5+ 49. Kh2 Qxa2 50. a6 Qa5 51. Rc6 Qb5 52. Rd6 Qc5 53. Rd2 Qa5 54. Rd6 Qc5 55. Rd2 Qc4 56. a7 Qa6 57. Rd7 Kg7 58. Kg2 Kf8 59. Rd8+ Ke7 60. a8=Q 1-0